 Dungeon Crawl Stone Soup version 0.27.0-1-g7a089689b8 (webtiles) character file.

Game seed: 6205899039143596680

16 Descartes the Shield-Bearer (level 2, 0/16 HPs)
             Began as a Vine Stalker Fighter on Aug 15, 2021.
             Succumbed to an adder's poison
             ... on level 2 of the Dungeon.
             The game lasted 00:01:14 (843 turns).

Descartes the Shield-Bearer (Vine Stalker Fighter)   Turns: 843, Time: 00:01:15

Health: 0/16       AC:  6    Str: 18    XL:     2   Next: 58%
Magic:  3/3        EV:  7    Int:  8    God:
Gold:   33         SH:  9    Dex: 13    Spells: 1/1 levels left

rFire    . . .     SeeInvis .   a - +0 war axe
rCold    . . .     Faith    .   c - +0 kite shield
rNeg     . . .     Spirit   +   b - +0 scale mail
rPois    .         Reflect  .   (no helmet)
rElec    .         Harm     .   (no cloak)
rCorr    .         Rampage  .   (no gloves)
Will     .....                  (no boots)
Stlth    ..........             (no amulet)
HPRegen  0.05/turn              (no ring)
MPRegen  0.08/turn              (no ring)

@: lethally poisoned (0 -> -3)
A: fangs 2, magic shield, antimagic bite, no potion heal 2
a: no special abilities


You were on level 2 of the Dungeon.
You visited 1 branch of the dungeon, and saw 2 of its levels.

You collected 33 gold pieces.

Inventory:

Hand Weapons
 a - a +0 war axe (weapon)
Missiles
 k - 18 stones (quivered)
Armour
 b - a +0 scale mail (worn)
 c - a +0 kite shield (worn)
Jewellery
 f - a ring of willpower
Scrolls
 e - a scroll of enchant armour {unknown}
 g - a scroll of identify {unknown}
 h - a scroll of noise {unknown}
 i - 2 scrolls of teleportation {unknown}
Potions
 d - a potion of might
 j - a potion of brilliance {unknown}


   Skills:
 - Level 2.6 Fighting
 - Level 1.7 Axes
 - Level 2.4 Armour
 + Level 3.5 Shields


You had one spell level left.
You didn't know any spells.
Your spell library was empty.

Dungeon Overview and Level Annotations

Branches:
Dungeon (2/15)

Altars:


Innate Abilities, Weirdness & Mutations

You have extremely sharp teeth.
When hurt, damage is shared between your health and your magic reserves.
Your bite disrupts and absorbs the magic of your enemies.
Potions cannot restore your health.


Message History

You kill the rat!
The bat hits you but does no damage. You block the adder's attack. x2
The bat barely misses you.
Your unstable footing causes you to fumble your attack.
The bat hits you but does no damage. You block the adder's attack.
The adder bites you but does no damage. You block the bat's attack.
You miss the adder. Your bite misses the adder. You miss the bat.
You block the bat's attack. The bat hits you but does no damage.
The adder bites you but does no damage. You block the bat's attack.
The adder bites you.
Your unstable footing causes you to fumble your attack.
The bat hits you. The adder bites you.
You are poisoned.
The adder poisons you! The adder completely misses you.
You block the adder's attack.
You hit the adder.
The adder is moderately wounded.
You closely miss the bat.
You feel sick. You block the bat's attack. The adder closely misses you.
The bat hits you but does no damage. The adder bites you.
You are lethally poisoned!
The adder poisons you!
You feel very sick. The bat closely misses you.
You are too injured to fight recklessly!
You are too injured to fight recklessly!
* * * LOW HITPOINT WARNING * * *
You feel sick. You block the bat's attack. You block the adder's attack.
* * * LOW HITPOINT WARNING * * *
You feel sick. The bat hits you but does no damage. You block the bat's attack.
The adder barely misses you. The adder closely misses you.
You miss the adder. You bite the adder. You drain its power.
You feel invigorated.
The adder is heavily wounded.
You miss the bat.
* * * LOW HITPOINT WARNING * * *
You feel sick. The bat hits you but does no damage. The bat barely misses you.
You block the adder's attack. x2; The bat hits you but does no damage.
Okay, then.
You die...

...#.............
...#.....#.....# #≈≈≈≈##
..............###≈≈≈≈≈≈#
....................≈≈.
####..##..............≈≈
..................≈≈....
.≈##..##.........≈..≈≈..
......##.........≈....≈≈
≈.....##........@.≈≈⌠...
≈..)..##...........⌠≈≈..
≈≈.............Sb≈....≈.
......##.......≈..≈≈..≈.
≈.≈...##.###...≈†...≈≈..
.≈♣...##.# #....≈≈......
≈≈≈...##.# #.....≈≈.....
≈.....##.# #..###≈≈≈≈≈≈#
#.##.....###.## #≈≈≈≈##


You could see an adder and a bat.

Vanquished Creatures
  2 endoplasms (D:1)
  4 goblins (D:1)
  A quokka (D:1)
  2 ball pythons
  A bat (D:1)
  A frilled lizard (D:1)
  2 kobolds
  2 rats
15 creatures vanquished.

Notes
Turn   | Place    | Note
-------+----------+-------------------------------------------
     0 | D:1      | Descartes the Vine Stalker Fighter began the quest for the
                  | Orb.
     0 | D:1      | Reached XP level 1. HP: 11/11 MP: 2/2
    67 | D:1      | Reached skill level 3 in Shields
   272 | D:1      | Reached XP level 2. HP: 16/16 MP: 3/3
   336 | D:1      | Found a faded altar of an unknown god.
   843 | D:2      | Succumbed to an adder's poison

Illustrated notes

Levels and vault maps discovered:
D:1:      dpeg_arrival_erosion, layout_loops_ring,
          hellmonk_ecumenical_altar_zigzags, minmay_misc_feat_pillars
D:2:      cheibrodos_helix_gallery, layout_basic, serial_rivers,
          chequers_serial_rivers_marsh, chequers_serial_rivers_micro_e,
          chequers_serial_rivers_micro_d, chequers_serial_rivers_small_b,
          chequers_serial_rivers_micro_c, basic_altar, dk_noncrumbling_2

Skill      XL: |  1 |
---------------+----+-----
Shields        | 3 |  3.5
Fighting       | |  2.6
Axes           | |  1.7
Armour         | |  2.4

Action                   || total
-------------------------++-------
Melee: War axe           ||    36
       Bite              ||     7
Armor: Scale mail        ||    26
Dodge: Dodged            ||    12
Block: Kite shield       ||    38
